 Dungeon Crawl Stone Soup version 0.27-a0-421-g7ddf969dea (webtiles) character file.

Game seed: 6911547823709930507

17791 HoaS the Cruncher (level 11, -2/92 HPs)
             Began as a Demigod Gladiator on Feb 25, 2021.
             Slain by a six-headed hydra (8 damage)
             ... on level 3 of the Lair of Beasts on Feb 26, 2021.
             The game lasted 00:30:57 (17484 turns).

HoaS the Cruncher (Demigod Gladiator)              Turns: 17484, Time: 00:30:58

Health: -2/92      AC: 17    Str: 23    XL:     11   Next: 95%
Magic:  14/14      EV: 11    Int: 16    God:
Gold:   759        SH:  0    Dex: 19    Spells: 10/10 levels left

rFire    . . .     SeeInvis .   a - +3 quarterstaff
rCold    . . .     Faith    .   (shield currently unavailable)
rNeg     . . .     Spirit   .   I - +0 plate armour
rPois    +         Reflect  .   c - +1 helmet
rElec    .         Harm     .   k - scarf {repulsion}
rCorr    .         Rampage  .   (no gloves)
Will     +++..                  p - +1 pair of boots of the Untouchables {*Drain Will++}
Stlth    ..........             (no amulet)
HPRegen  0.25/turn              B - +6 ring of intelligence
MPRegen  0.14/turn              y - ring of poison resistance

@: mighty, repel missiles
A: high mp 1
a: no special abilities


You were on level 3 of the Lair of Beasts.
You visited 2 branches of the dungeon, and saw 11 of its levels.
You also visited: Ossuary.

You collected 759 gold pieces.

Inventory:

Hand Weapons
 a - a +3 quarterstaff (weapon)
Missiles
 b - 7 javelins
 d - 4 throwing nets (quivered)
 j - 5 silver boomerangs
 u - 25 poisoned darts
 z - 11 boomerangs
Armour
 c - a +1 helmet (worn)
 k - a scarf of repulsion (worn)
 p - the +1 pair of boots of the Untouchables (worn) {*Drain Will++}
   (You found it on level 2 of the Lair of Beasts)

   It affects your willpower, your defense against some magical effects.
   It causes draining when unequipped.
 I - a +0 plate armour (worn)
Jewellery
 y - a ring of poison resistance (right hand)
 B - a +6 ring of intelligence (left hand)
Wands
 x - a wand of paralysis (22)
 A - a wand of acid (17)
 D - a wand of iceblast (32)
 H - a wand of mindburst (9)
Scrolls
 l - 4 scrolls of teleportation
 r - 3 scrolls of enchant weapon
 t - a scroll of fog
 v - a scroll of blinking
 C - a scroll of magic mapping
 G - 2 scrolls of fear
Potions
 e - 2 potions of invisibility
 f - 9 potions of lignification
 h - a potion of berserk rage
 i - 3 potions of ambrosia
 m - 2 potions of might
 n - 3 potions of curing
 o - a potion of cancellation
 q - 2 potions of haste
 s - 2 potions of flight
 w - 4 potions of mutation
 E - a potion of attraction {unknown}
 F - a potion of resistance {unknown}


   Skills:
 + Level 7.1 Fighting
 - Level 14.0 Staves
 - Level 1.7 Throwing
 + Level 6.8 Armour
 + Level 7.5 Dodging


You had 10 spell levels left.
You didn't know any spells.
Your spell library contained the following spells:

 Spells                   Type           Power        Failure   Level
 Freeze                   Ice            0%           98%         1
 Frozen Ramparts          Ice            0%           100%        3
 Ozocubu's Armour         Ice            0%           100%        3
 Hailstorm                Conj/Ice       0%           100%        4
 Summon Ice Beast         Ice/Summ       0%           100%        4


Dungeon Overview and Level Annotations

Branches:
Dungeon (8/15)             Temple (0/1) D:4            Lair (3/6) D:8
 Spider (0/4) Lair:2      Ossuary (visited)
  Swamp: Lair:2-4    Shoals: Lair:2-4

Shops:
D:4 *?   D:6 *


Innate Abilities, Weirdness & Mutations

You have an increased reservoir of magic. (+10% MP)


Message History

You closely miss the cane toad.
The cane toad stings you but does no damage.
You thump the cane toad!
The cane toad is heavily wounded.
You hit the cane toad.
The cane toad is heavily wounded.
The cane toad stings you!
You hit the cane toad.
The cane toad is severely wounded.
The cane toad stings you!
You completely miss the cane toad.
The cane toad is severely wounded.
You bludgeon the cane toad!!
You kill the cane toad!
You sock the six-headed hydra!
The six-headed hydra is lightly wounded.
The six-headed hydra bites you but does no damage.
The six-headed hydra barely misses you. The six-headed hydra bites you.
The six-headed hydra barely misses you.
The six-headed hydra closely misses you.
The six-headed hydra barely misses you.
Your plate armour prevents you from hitting the six-headed hydra.
The six-headed hydra is lightly wounded.
You hit the six-headed hydra.
The six-headed hydra is moderately wounded.
The six-headed hydra completely misses you.
The six-headed hydra bites you but does no damage. x2
The six-headed hydra bites you! The six-headed hydra barely misses you.
The six-headed hydra bites you but does no damage.
You bludgeon the six-headed hydra!!
The six-headed hydra is severely wounded.
You bludgeon the six-headed hydra!!
The six-headed hydra is almost dead.
The six-headed hydra bites you!
* * * LOW HITPOINT WARNING * * *
The six-headed hydra bites you!
* * * LOW HITPOINT WARNING * * *
The six-headed hydra bites you but does no damage.
The six-headed hydra bites you!
You die...

#...####...........#..#
##..##.#..#.......###..##
..................# ##..#
#.#...P#.##......## #.##
##....####.#......# #..#
##.#..###..#....## #.##
#.#......###...# #..#
#..#(.PP.###.P.# #.##
..............†#@# ###..##
##..#..........#D# #..#..#
#.........P##...###.....###
####.#....###...##..##.#..#
######..#....###...#..##
#..##...# #..#††##
#..##..#.#####.#..#
#......>.# ##.<##
..........#.# ##..#


You could see a six-headed hydra.

Vanquished Creatures
  Harold (Lair:2)
  A hydra (Lair:2)
  A catoblepas (Lair:2)
  3 black mambas
  Joseph (D:8)
  5 cane toads
  Maggie (D:7)
  2 komodo dragons
  A polar bear (Lair:3)
  17 blink frogs
  7 yaks
  4 basilisks
  2 wyverns
  Edmund (D:5)
  A black bear (D:8)
  19 water moccasins
  An orc warrior (D:7)
  3 ice beasts
  2 sky beasts
  5 ogres
  16 wolves
  3 centaurs
  A kobold brigand (D:7)
  Blork the orc (D:5)
  3 bullfrogs
  6 scorpions
  4 wights (D:6)
  7 electric eels
  2 jellies (D:5)
  4 hounds
  7 orc priests
  2 bullfrog skeletons
  A gnoll shaman (D:2)
  2 iguanas
  4 orc wizards
  Ijyb (D:5)
  11 worker ants
  2 hound skeletons
  8 mummies (Ossuary)
  A worker ant zombie (D:8)
  13 adders
  12 gnolls
  5 shadow imps
  An ufetubus (D:8)
  An ooze (D:1)
  An adder skeleton (D:4)
  5 worms
  A dart slug (D:1)
  5 leopard geckos
  36 orcs
  4 bats
  5 giant cockroaches
  2 gnoll zombies (Ossuary)
  5 goblins
  7 hobgoblins
  5 jackals
  13 kobolds
  4 quokkas
  2 ball pythons
  7 frilled lizards
  3 hobgoblin zombies (Ossuary)
  A leopard gecko skeleton (D:4)
  3 orc zombies (Ossuary)
  A quokka skeleton (D:5)
  7 rats
313 creatures vanquished.

Vanquished Creatures (others)
  26 fungi
  75 plants
101 creatures vanquished.

Grand Total: 414 creatures vanquished

Notes
Turn   | Place    | Note
-------+----------+-------------------------------------------
     0 | D:1      | HoaS the Demigod Gladiator began the quest for the Orb.
     0 | D:1      | Reached XP level 1. HP: 17/17 MP: 3/3
   180 | D:1      | Reached skill level 3 in Staves
   210 | D:1      | Reached XP level 2. HP: 24/24 MP: 4/4
   776 | D:2      | Reached skill level 4 in Staves
   776 | D:2      | Reached XP level 3. HP: 24/29 MP: 5/5
  1249 | D:1      | Reached XP level 4. HP: 29/36 MP: 6/6
  1528 | D:2      | Reached skill level 5 in Staves
  1778 | D:2      | Reached XP level 5. HP: 20/41 MP: 7/7
  2239 | D:3      | Found an iron altar of Okawaru.
  2292 | D:3      | Found a white marble altar of Elyvilon.
  2345 | D:3      | Reached skill level 6 in Staves
  2697 | D:3      | Found a hide-covered altar of Uskayaw.
  3220 | D:4      | Reached XP level 6. HP: 48/48 MP: 8/8
  3317 | D:4      | Found a staircase to the Ecumenical Temple.
  3473 | D:4      | Found Xinleco's Magic Scroll Shoppe.
  3593 | D:4      | Reached skill level 7 in Staves
  3905 | D:4      | Found Orulips's Serpentskin Sales.
  3906 | D:4      | Noticed a water moccasin
  3921 | D:4      | Killed a water moccasin
  3922 | D:4      | Reached XP level 7. HP: 14/53 MP: 9/9
  4367 | D:5      | Entered Level 5 of the Dungeon
  4367 | D:5      | Noticed Blork the orc
  4381 | D:5      | Killed Blork the orc
  4382 | D:5      | Reached skill level 8 in Staves
  4530 | D:5      | Noticed Edmund
  4547 | D:5      | Killed Edmund
  4656 | D:5      | Noticed Ijyb
  4657 | D:5      | Paralysed by Ijyb for 5 turns
  4668 | D:5      | Killed Ijyb
  4722 | D:5      | Reached skill level 9 in Staves
  4987 | D:5      | Reached XP level 8. HP: 59/60 MP: 10/10
  5382 | D:5      | Reached skill level 10 in Staves
  5712 | D:5      | Identified an ichor-stained leather armour
  6202 | D:6      | Found a broken altar of Ashenzari.
  6326 | D:6      | Found Ritz's General Store.
  6435 | D:6      | Reached skill level 11 in Staves
  6443 | D:6      | HP: 3/60 [poisoned by a scorpion]
  6450 | D:6      | HP: 3/60 [poisoned by a scorpion]
  6458 | D:6      | HP: 2/60 [poisoned by a scorpion]
  6973 | D:6      | Found a glowing golden altar of the Shining One.
  6987 | D:6      | Found a radiant altar of Vehumet.
  7490 | D:7      | Found a sand-covered staircase.
  7496 | Ossuary  | Entered an ossuary
  8020 | D:7      | Reached XP level 9. HP: 50/67 MP: 11/11
  8709 | D:7      | Found a sacrificial altar of Ru.
  8895 | D:7      | Reached skill level 12 in Staves
  9136 | D:7      | Noticed Maggie
  9157 | D:7      | Killed Maggie
  9347 | D:7      | Found a radiant altar of Vehumet.
  9524 | D:8      | Found a staircase to the Lair.
  9705 | D:8      | Reached skill level 13 in Staves
  9725 | D:8      | Found an ancient bone altar of Kikubaaqudgha.
  9847 | D:8      | Noticed Joseph
  9865 | D:8      | Killed Joseph
  9971 | D:8      | Noticed a boulder beetle
 10033 | D:8      | Reached XP level 10. HP: 46/73 MP: 13/13
 10287 | Lair:1   | Entered Level 1 of the Lair of Beasts
 10288 | Lair:1   | Upgraded the game from 0.27-a0-417-g317cea8a3c to
                  | 0.27-a0-421-g7ddf969dea
 10847 | Lair:1   | Reached skill level 14 in Staves
 10865 | Lair:1   | Reached skill level 1 in Armour
 12549 | Lair:1   | Reached skill level 5 in Dodging
 12549 | Lair:1   | Reached XP level 11. HP: 85/85 MP: 14/14
 13207 | Lair:1   | Reached skill level 5 in Fighting
 13731 | Lair:2   | Noticed a catoblepas
 13785 | Lair:2   | HP: 1/88 [catoblepas (9)]
 13786 | Lair:2   | Killed a catoblepas
 13787 | Lair:2   | Reached skill level 5 in Armour
 14290 | Lair:2   | Found a hole to the Spider Nest.
 14415 | Lair:2   | HP: 4/89 [blink frog (2)]
 14416 | Lair:2   | HP: 1/89 [blink frog (3)]
 15626 | Lair:2   | Noticed Harold
 15640 | Lair:2   | HP: 2/91 [Harold/+2 war axe of electrocution (6)]
 15644 | Lair:2   | Killed Harold
 16057 | Lair:2   | Noticed a four-headed hydra
 16074 | Lair:2   | Killed a four-headed hydra
 16287 | Lair:2   | Identified the +1 pair of boots of the Untouchables {*Drain
                  | Will++}
 17462 | Lair:3   | Noticed a six-headed hydra
 17484 | Lair:3   | Slain by a six-headed hydra

Illustrated notes

Levels and vault maps discovered:
D:1:      dpeg_arrival_signposts, layout_rooms, hangedman_decor_clover_reticule,
          patterned_corridor
D:2:      layout_rooms
D:3:      layout_loops_cross, eat_drink_and_be_merry_uskayaw,
          lemuel_round_altar, elyvilon_altar_1
D:4:      layout_loops_corners, minmay_temple_entry_tees, serial_shops, shop,
          guppyfry_shop_venom
D:5:      minmay_clustersquares, layout_rooms, uniq_edmund, uniq_blork_the_orc,
          uniq_ijyb
D:6:      layout_loops_ring, tso_metal_star, ashenzari_altar_1, serial_shops,
          shop_statue, basic_altar
D:7:      minmay_recursive_quarters, layout_basic,
          nicolae_ru_the_path_less_chosen, fiery_altar_vehumet,
          nicolae_ossuary_entry_ruins, uniq_maggie
D:8:      layout_loops_ring, kiku_gazebo_pond_becter, david_lair_generic,
          uniq_joseph
Lair:1:   beast_lair_carwin_large_1, layout_cave_pods,
          hangedman_lair_generics_rect, infiniplex_staircase_pool_2,
          serial_bayou_shore_a, lemuel_fruit_tree
Lair:2:   layout_layer_cave, nicolae_spider_entry_non_spiders, serial_bayou,
          serial_bayou_shore_b, serial_bayou_pond_d, serial_bayou_ford_a,
          serial_bayou_pond_b, serial_bayou_shore_b, uniq_harold
Lair:3:   layout_loops_ring

Skill      XL: |  1  2  3  4  5  6  7  8  9 10 11 |
---------------+----------------------------------+-----
Staves         | 3 4 5 6 7 9 11 13 14 | 14.0
Fighting       | 4 7 |  7.1
Armour         | 4 6 |  6.8
Dodging        | 5 7 |  7.5
Throwing       | |  1.7

Action                   |  1- 3 |  4- 6 |  7- 9 | 10-12 || total
-------------------------+-------+-------+-------+-------++-------
Melee: Quarterstaff      |   100 |   182 |   568 |   582 ||  1432
Throw: Throwing net      |       |     1 |     3 |       ||     4
       Javelin           |       |       |       |     2 ||     2
Evoke: Wand              |       |       |       |     2 ||     2
  Use: Scroll            |     8 |     3 |    15 |     4 ||    30
       Potion            |       |       |     1 |     3 ||     4
 Stab: Held in net/web   |       |       |     4 |       ||     4
Armor: Scale mail        |    41 |    57 |   106 |       ||   204
       Leather armour    |     3 |       |       |       ||     3
       Swamp dragon scal |       |       |    43 |    59 ||   102
       Plate armour      |       |       |    24 |   151 ||   175
       Chain mail        |       |       |     2 |       ||     2
Dodge: Dodged            |    68 |    87 |   198 |   226 ||   579
       Repelled          |       |       |       |     4 ||     4

Table legend: (Time is in decaauts)
 A = Elapsed time spent in this place.
 B = Non-inter-level travel time spent in this place.
 C = Inter-level travel time spent in this place.
 D = Time resting spent in this place.
 E = Time spent auto-exploring this place.
 F = Levels seen in this place.
 G = Mean time per level.
                   A        B        C        D        E       F      G
               +--------+--------+--------+--------+--------+-----+--------+
         Total |  17166 |  16584 |    582 |   7747 |   6186 |  12 | 1430.5 |
       Dungeon |  10141 |   9688 |    453 |   3860 |   4126 |   8 | 1267.6 |
          Lair |   6741 |   6613 |    128 |   3865 |   1935 |   3 | 2247.0 |
       Ossuary |    283 |    283 |      0 |     22 |    124 |   1 |  283.0 |
               +--------+--------+--------+--------+--------+-----+--------+

Top non-repeatable levels by time:
  Lair:2: 3466 daAuts
  Lair:1: 3028 daAuts
     D:5: 1719 daAuts
     D:7: 1657 daAuts
     D:2: 1421 daAuts
     D:6: 1308 daAuts
     D:4: 1198 daAuts
     D:8: 1071 daAuts
     D:3: 976 daAuts
     D:1: 788 daAuts
 Ossuary: 283 daAuts
  Lair:3: 246 daAuts
